SOB
MEXICO CITY CONQUISTADORS @ NASSAU BLACK SAILS
12/10/1981
 
TOP OF THE 1ST
Mexico City Conquistadors batting - Pitching for Nassau Black Sails : LHP Mark Langston
Pitching: LHP Mark Langston
Batting: RHB Brad Komminsk 0-0: Ball
1-0: Swinging Strike
1-1: Foul Ball, location: 2F
1-2: Strikes out swinging
Batting: RHB German Rivera 0-0: Foul Ball, location: 2F
0-1: Ground out 6-3 (Groundball, 6S, EV 66.9 MPH)
Batting: LHB John Kruk 0-0: Called Strike
0-1: Foul Ball, location: 2F
0-2: Ball
1-2: Ball
2-2: Ball
3-2: Foul Ball, location: 2F
3-2: Strikes out swinging
Top of the 1st over - 0 runs, 0 hits, 0 errors, 0 left on base; Mexico City 0 - Nassau 0
BOTTOM OF THE 1ST
Nassau Black Sails batting - Pitching for Mexico City Conquistadors : LHP Dom Chiti
Pitching: LHP Dom Chiti
Batting: RHB Randolph Ebersberger 0-0: Called Strike
0-1: Foul Ball, location: 2F
0-2: Strikes out swinging
Batting: RHB Heri Ramirez 0-0: Ball
1-0: SINGLE (Groundball, 6MD, EV 100.6 MPH) (infield hit)
Batting: RHB Cecil Fielder 0-0: Ball
1-0: Foul Ball, location: 2F
1-1: Ball
2-1: Ball
3-1: Called Strike
3-2: Fly out, F8 (Flyball, 8RD, EV 105.6 MPH)
Batting: LHB Sam Horn 0-0: Foul Ball, location: 2F
0-1: Swinging Strike
0-2: Ground out 4-3 (Groundball, 34, EV 80.6 MPH)
Bottom of the 1st over - 0 runs, 1 hit, 0 errors, 1 left on base; Mexico City 0 - Nassau 0
TOP OF THE 2ND
Mexico City Conquistadors batting - Pitching for Nassau Black Sails : LHP Mark Langston
Batting: RHB Chris James 0-0: Called Strike
0-1: Swinging Strike
0-2: Strikes out swinging
Batting: RHB Mariano Duncan 0-0: Called Strike
0-1: Swinging Strike
0-2: Strikes out swinging
Batting: SHB Tom Barrett 0-0: Ball
1-0: Ball
2-0: Ball
3-0: Foul Ball, location: 2F
3-1: Foul Ball, location: 2F
3-2: Base on Balls
Batting: LHB Mike Martin 0-0: Ball
Tom Barrett is caught stealing 2nd base 2-6
Top of the 2nd over - 0 runs, 0 hits, 0 errors, 0 left on base; Mexico City 0 - Nassau 0
BOTTOM OF THE 2ND
Nassau Black Sails batting - Pitching for Mexico City Conquistadors : LHP Dom Chiti
Batting: RHB Danny Sheaffer 0-0: DOUBLE (Line Drive, 7LD, EV 109.4 MPH)
Batting: RHB Joe Redfield 0-0: Ball
1-0: Swinging Strike
1-1: Foul Ball, location: 2F
1-2: Ball
2-2: Foul Ball, location: 2F
2-2: Ball
3-2: SINGLE (Line Drive, 8LS, EV 110.0 MPH)
Danny Sheaffer to third
Batting: LHB Jay Erdahl 0-0: Ball
1-0: Ball
2-0: Ball
3-0: Called Strike
3-1: Foul Ball, location: 2F
3-2: Fly out, F3 (Popup, 34S, EV 85.0 MPH)
Batting: RHB Craig Adams 0-0: Ball
1-0: Called Strike
1-1: Fielders Choice at 2nd, 6-4 (Groundball, 6M, EV 89.4 MPH)
Danny Sheaffer scores
Batting: RHB Dave White 0-0: Ball
1-0: Swinging Strike
1-1: Ball
2-1: Foul Ball, location: 2F
2-2: SINGLE (Groundball, 23, EV 72.5 MPH) (infield hit)
Craig Adams to second
Batting: RHB Randolph Ebersberger 0-0: Foul Ball, location: 2F
0-1: Ball
1-1: Fly out, F8 (Flyball, 8LD, EV 93.8 MPH)
Bottom of the 2nd over - 1 run, 3 hits, 0 errors, 2 left on base; Mexico City 0 - Nassau 1
TOP OF THE 3RD
Mexico City Conquistadors batting - Pitching for Nassau Black Sails : LHP Mark Langston
Batting: LHB Mike Martin 0-0: Foul Ball, location: 2F
0-1: Foul Ball, location: 2F
0-2: Strikes out swinging
Batting: RHB Steve Liddle 0-0: Fly out, F3 (Popup, 3F, EV 65.0 MPH)
Batting: RHB Jose Maldonado 0-0: Called Strike
0-1: DOUBLE (Groundball, 3L, EV 105.6 MPH)
Batting: RHB Brad Komminsk 0-0: Called Strike
0-1: Fly out, F9 (Flyball, 89M, EV 91.9 MPH)
Top of the 3rd over - 0 runs, 1 hit, 0 errors, 1 left on base; Mexico City 0 - Nassau 1
BOTTOM OF THE 3RD
Nassau Black Sails batting - Pitching for Mexico City Conquistadors : LHP Dom Chiti
Batting: RHB Heri Ramirez 0-0: Called Strike
0-1: Called Strike
0-2: Ball
1-2: DOUBLE (Flyball, 89D, EV 90.0 MPH)
Batting: RHB Cecil Fielder 0-0: Ball
1-0: Swinging Strike
1-1: Foul Ball, location: 2F
1-2: Strikes out swinging
Batting: LHB Sam Horn 0-0: Swinging Strike
0-1: Ball
1-1: Foul Ball, location: 2F
1-2: Strikes out swinging
Batting: RHB Danny Sheaffer 0-0: Ball
1-0: Ball
2-0: Called Strike
2-1: Fly out, F7 (Flyball, 7LM, EV 96.9 MPH)
Bottom of the 3rd over - 0 runs, 1 hit, 0 errors, 1 left on base; Mexico City 0 - Nassau 1
TOP OF THE 4TH
Mexico City Conquistadors batting - Pitching for Nassau Black Sails : LHP Mark Langston
Batting: RHB German Rivera 0-0: Ball
1-0: Foul Ball, location: 2F
1-1: Ball
2-1: Swinging Strike
2-2: Strikes out swinging
Batting: LHB John Kruk 0-0: Called Strike
0-1: Called Strike
0-2: Ball
1-2: Ball
2-2: Foul Ball, location: 2F
2-2: Ground out U3 (Groundball, 3S, EV 77.5 MPH)
Batting: RHB Chris James 0-0: Ball
1-0: Foul Ball, location: 2F
1-1: Ball
2-1: Foul Ball, location: 2F
2-2: Strikes out looking
Top of the 4th over - 0 runs, 0 hits, 0 errors, 0 left on base; Mexico City 0 - Nassau 1
BOTTOM OF THE 4TH
Nassau Black Sails batting - Pitching for Mexico City Conquistadors : LHP Dom Chiti
Batting: RHB Joe Redfield 0-0: Ball
1-0: Swinging Strike
1-1: Swinging Strike
1-2: Strikes out swinging
Batting: LHB Jay Erdahl 0-0: Called Strike
0-1: Foul Ball, location: 2F
0-2: Strikes out looking
Batting: RHB Craig Adams 0-0: Called Strike
0-1: Fly out, F4 (Popup, 4MD, EV 72.5 MPH)
Bottom of the 4th over - 0 runs, 0 hits, 0 errors, 0 left on base; Mexico City 0 - Nassau 1
TOP OF THE 5TH
Mexico City Conquistadors batting - Pitching for Nassau Black Sails : LHP Mark Langston
Batting: RHB Mariano Duncan 0-0: Called Strike
0-1: Ball
1-1: Foul Ball, location: 2F
1-2: Ball
2-2: Foul Ball, location: 2F
2-2: TRIPLE (Flyball, 78XD, EV 90.0 MPH)
Batting: SHB Tom Barrett 0-0: Called Strike
0-1: Ball
1-1: Foul Ball, location: 2F
1-2: Foul Ball, location: 2F
1-2: Ball
2-2: Ground out 5-3 (Groundball, 56, EV 85.6 MPH)
Mariano Duncan scores
Batting: LHB Mike Martin 0-0: Ball
1-0: Ground out 6-3 (Groundball, 6, EV 87.5 MPH)
Batting: RHB Steve Liddle 0-0: Swinging Strike
0-1: Ball
1-1: Foul Ball, location: 2F
1-2: Strikes out swinging, 2-3 out at first.
Top of the 5th over - 1 run, 1 hit, 0 errors, 0 left on base; Mexico City 1 - Nassau 1
BOTTOM OF THE 5TH
Nassau Black Sails batting - Pitching for Mexico City Conquistadors : LHP Dom Chiti
Batting: RHB Dave White 0-0: Ball
1-0: Fly out, F4 (Flyball, 34D, EV 76.3 MPH)
Batting: RHB Randolph Ebersberger 0-0: Called Strike
0-1: DOUBLE (Groundball, 5L, EV 109.4 MPH)
Batting: RHB Heri Ramirez 0-0: Ball
1-0: Ball
2-0: Fly out, F9 (Flyball, 9, EV 86.9 MPH)
Batting: RHB Cecil Fielder 0-0: Called Strike
0-1: Fly out, F6 (Flyball, 56D, EV 89.4 MPH)
Bottom of the 5th over - 0 runs, 1 hit, 0 errors, 1 left on base; Mexico City 1 - Nassau 1
TOP OF THE 6TH
Mexico City Conquistadors batting - Pitching for Nassau Black Sails : LHP Mark Langston
Batting: RHB Jose Maldonado 0-0: Ball
1-0: Foul Ball, location: 2F
1-1: Called Strike
1-2: Strikes out swinging
Batting: RHB Brad Komminsk 0-0: Ball
1-0: Foul Ball, location: 2F
1-1: Ball
2-1: Foul Ball, location: 2F
2-2: Strikes out swinging
Batting: RHB German Rivera 0-0: Ball
1-0: Foul Ball, location: 2F
1-1: Swinging Strike
1-2: Foul Ball, location: 2F
1-2: Strikes out swinging
Top of the 6th over - 0 runs, 0 hits, 0 errors, 0 left on base; Mexico City 1 - Nassau 1
BOTTOM OF THE 6TH
Nassau Black Sails batting - Pitching for Mexico City Conquistadors : LHP Dom Chiti
Batting: LHB Sam Horn 0-0: Swinging Strike
0-1: Swinging Strike
0-2: Ball
1-2: Strikes out swinging
Batting: RHB Danny Sheaffer 0-0: Swinging Strike
0-1: SINGLE (Line Drive, 7S, EV 111.9 MPH)
Batting: RHB Joe Redfield 0-0: Ball
1-0: Ball
2-0: Ball
3-0: Called Strike
3-1: Called Strike
3-2: Strikes out swinging
Batting: LHB Jay Erdahl 0-0: Fly out, F7 (Line Drive, 7, EV 88.8 MPH)
Bottom of the 6th over - 0 runs, 1 hit, 0 errors, 1 left on base; Mexico City 1 - Nassau 1
TOP OF THE 7TH
Mexico City Conquistadors batting - Pitching for Nassau Black Sails : LHP Mark Langston
Batting: LHB John Kruk 0-0: Ball
1-0: Called Strike
1-1: Ball
2-1: Called Strike
2-2: Strikes out looking
Batting: RHB Chris James 0-0: Called Strike
0-1: Ground out 5-3 (Groundball, 56, EV 88.8 MPH)
Batting: RHB Mariano Duncan 0-0: Ball
1-0: Swinging Strike
1-1: Ball
2-1: Ball
3-1: SINGLE (Groundball, 56D, EV 95.6 MPH)
Batting: SHB Tom Barrett 0-0: Hit by Pitch
Mariano Duncan to second
Batting: LHB Mike Martin 0-0: Ground out 4-3 (Groundball, 4, EV 82.5 MPH)
Top of the 7th over - 0 runs, 1 hit, 0 errors, 2 left on base; Mexico City 1 - Nassau 1
BOTTOM OF THE 7TH
Nassau Black Sails batting - Pitching for Mexico City Conquistadors : LHP Dom Chiti
Batting: RHB Craig Adams 0-0: Ball
1-0: Called Strike
1-1: SINGLE (Line Drive, 6M, EV 104.4 MPH)
Batting: RHB Dave White 0-0: Called Strike
0-1: Swinging Strike
0-2: Ball
1-2: Ball
2-2: Strikes out looking
Batting: RHB Randolph Ebersberger 0-0: Called Strike
Craig Adams is caught stealing 2nd base 2-4
0-1: Ball
1-1: Foul Ball, location: 2F
1-2: Ground out 5-3 (Groundball, 56, EV 105.6 MPH)
Bottom of the 7th over - 0 runs, 1 hit, 0 errors, 0 left on base; Mexico City 1 - Nassau 1
TOP OF THE 8TH
Mexico City Conquistadors batting - Pitching for Nassau Black Sails : LHP Mark Langston
Batting: RHB Steve Liddle 0-0: Foul Ball, location: 2F
0-1: Ball
1-1: Fly out, F7 (Flyball, 7LD, EV 87.5 MPH)
Batting: RHB Jose Maldonado 0-0: Called Strike
0-1: Swinging Strike
0-2: Ball
1-2: Strikes out swinging
Batting: RHB Brad Komminsk 0-0: SINGLE (Groundball, P, EV 88.8 MPH) (infield hit)
Batting: RHB German Rivera 0-0: Called Strike
0-1: Called Strike
Brad Komminsk steals 2nd base
0-2: Strikes out swinging
Top of the 8th over - 0 runs, 1 hit, 0 errors, 1 left on base; Mexico City 1 - Nassau 1
BOTTOM OF THE 8TH
Nassau Black Sails batting - Pitching for Mexico City Conquistadors : LHP Dom Chiti
Pitching: RHP Mark Ross
Batting: RHB Heri Ramirez 0-0: Called Strike
0-1: Swinging Strike
0-2: Ball
1-2: Foul Ball, location: 2F
1-2: Ball
2-2: Ball
3-2: Foul Ball, location: 2F
3-2: SINGLE (Line Drive, 89S, EV 110.0 MPH)
Batting: RHB Cecil Fielder 0-0: Ball
1-0: Ball
2-0: Ball
3-0: Base on Balls
Heri Ramirez to second
Batting: LHB Sam Horn 0-0: Called Strike
0-1: Swinging Strike
0-2: Ball
1-2: Foul Ball, location: 2F
1-2: Ball
2-2: Ball
3-2: Base on Balls
Heri Ramirez to third
Cecil Fielder to second
Batting: RHB Danny Sheaffer 0-0: Ball
1-0: Fly out, F4 (Popup, 3, EV 53.1 MPH)
Batting: RHB Joe Redfield 0-0: Fly out, F8 (Flyball, 8RXD, EV 76.9 MPH)
Runner from 3rd tags up, SCORES, no throw by CF
Cecil Fielder to third
Batting: LHB Jay Erdahl 0-0: Ground out 4-3 (Groundball, 4, EV 92.5 MPH)
Bottom of the 8th over - 1 run, 1 hit, 0 errors, 2 left on base; Mexico City 1 - Nassau 2
TOP OF THE 9TH
Mexico City Conquistadors batting - Pitching for Nassau Black Sails : LHP Mark Langston
Pitching: RHP Kevin Kobel
Batting: LHB John Kruk 0-0: Ball
1-0: Ball
2-0: Called Strike
2-1: Foul Ball, location: 2F
2-2: Strikes out swinging
Batting: RHB Chris James 0-0: Called Strike
0-1: Ball
1-1: Foul Ball, location: 2F
1-2: Foul Ball, location: 2F
1-2: Strikes out looking
Batting: RHB Mariano Duncan 0-0: Ball
1-0: Swinging Strike
1-1: Swinging Strike
1-2: Ball
2-2: Ball
3-2: Fly out, F9 (Flyball, 9LM, EV 86.9 MPH)
Top of the 9th over - 0 runs, 0 hits, 0 errors, 0 left on base; Mexico City 1 - Nassau 2
Thursday, June 25th, 2020 - OOTP Baseball 21.4 Build 63